 Dungeon Crawl Stone Soup version 0.30-a0-377-g5cb311bc9f (webtiles) character file.

Game seed: 12294103832827649702

140 lokiplouj the Trooper (level 5, -6/70 HPs)
             Began as a Minotaur Berserker on Nov 29, 2022.
             Was a Believer of Trog.
             Mangled by an orc priest
             ... wielding a +4 trident
              (7 damage)
             ... on level 3 of the Dungeon on Nov 30, 2022.
             The game lasted 00:02:41 (2635 turns).

lokiplouj the Trooper (Minotaur Berserker)          Turns: 2635, Time: 00:02:42

Health: -6/70      AC:  2    Str: 23    XL:     5   Next: 2%
Magic:  4/4        EV: 12    Int:  4    God:    Trog [**....]
Gold:   131        SH:  0    Dex: 10    Spells: 4/4 levels left

rFire   . . .      SeeInvis .    a - +0 hand axe
rCold   . . .      Faith    .    (no shield)
rNeg    . . .      Spirit   .    b - +0 animal skin
rPois   .          Reflect  .    (helmet restricted)
rElec   .          Harm     .    (no cloak)
rCorr   .          Rampage  .    (no gloves)
Will    .....                    (no boots)
Stlth   ..........               (no amulet)
HPRegen 0.31/turn                (no ring)
MPRegen 0.09/turn                (no ring)

@: berserking, very quick
A: horns 2, retaliatory headbutt
a: Renounce Religion, Berserk, Trog's Hand


You were on level 3 of the Dungeon.
You worshipped Trog.
Trog was pleased with you.
You visited 1 branch of the dungeon, and saw 3 of its levels.

You collected 131 gold pieces.

Inventory:

Hand Weapons
 a - a +0 hand axe (weapon)
Missiles
 d - 5 javelins (quivered)
Armour
 b - a +0 animal skin (worn)
Scrolls
 e - 3 scrolls of identify {unknown}
 j - a scroll of poison {unknown}
 l - 2 scrolls of teleportation {unknown}
 m - a scroll of butterflies {unknown}
Potions
 c - a potion of haste {unknown}
 f - 2 potions of mutation {unknown}
 g - a potion of attraction {unknown}
 h - a potion of lignification {unknown}
 i - a potion of ambrosia {unknown}
 k - a potion of cancellation {unknown}
 n - a potion of invisibility {unknown}
 o - a potion of degeneration {unknown}


   Skills:
 + Level 4.7 Fighting
 + Level 4.6 Axes
 + Level 3.7 Armour
 + Level 3.4 Dodging


You had 4 spell levels left.
You didn't know any spells.
Your spell library was empty.

Dungeon Overview and Level Annotations

Branches:
Dungeon (3/15)

Altars:

Shops:
D:3 :


Innate Abilities, Weirdness & Mutations

You have a pair of horns on your head.
You reflexively headbutt those who attack you in melee.


Message History

You are too injured to fight recklessly!
There are monsters nearby!
You are too injured to fight recklessly!
There are monsters nearby!
You are too injured to fight recklessly!
Unknown command.
There are monsters nearby!
You are too injured to fight recklessly!
There are monsters nearby!
A red film seems to cover your vision as you go berserk!
You feel yourself moving faster!
You feel mighty!
The orc priest hits you from afar with a +4 trident!
The orc wizard hits you with a +2 dagger of protection.
* * * LOW HITPOINT WARNING * * *
You hit the orc wizard.
The orc wizard is heavily wounded.
The orc priest barely misses you.
The orc wizard hits you with a +2 dagger of protection.
* * * LOW HITPOINT WARNING * * *
You closely miss the orc wizard. Your headbutt misses the orc wizard.
The orc wizard is heavily wounded.
You hit the orc wizard.
The orc wizard is severely wounded.
The orc priest mumbles some strange prayers to Beogh against you.
Beogh smites you!
* * * LOW HITPOINT WARNING * * *
The orc wizard hits you with a +2 dagger of protection.
* * * LOW HITPOINT WARNING * * *
You closely miss the orc wizard.
The orc wizard is severely wounded.
The orc priest hits you from afar with a +4 trident.
* * * LOW HITPOINT WARNING * * *
The orc wizard hits you with a +2 dagger of protection.
* * * LOW HITPOINT WARNING * * *
You slash the orc wizard!
You kill the orc wizard!
Trog accepts your kill.
Trog appreciates your killing of a magic user.
The orc priest hits you from afar with a +4 trident!
You die...

....# ....##.........#
....# ###.##.........#
....# ..#.##.........#
....# #.#.##.........#
....# #.#.##.........#
....# #.#.##......[..#
o...#
#.#.##....<....##)o..#
..#.####.#.....#@#
...............#.#
.......#.#####.#.#
..#.##.#.#######.#
###.##.#.........#
#.##.#########.#
###.##.# #.# ....##..
..# ######.# ###


You could see an orc priest and an orc.

Vanquished Creatures
  An orc priest (D:3)
  An orc wizard (D:3)
  5 adders
  2 worms (D:2)
  A dart slug (D:3)
  6 orcs (D:3)
  6 endoplasms
  2 giant cockroaches (D:1)
  6 goblins
  3 hobgoblins
  3 quokkas
  3 ball pythons
  6 bats
  4 frilled lizards
  3 kobolds
  3 rats
55 creatures vanquished.

Vanquished Creatures (others)
  4 toadstools (D:1)
4 creatures vanquished.

Grand Total: 59 creatures vanquished

Notes
Turn   | Place    | Note
-------+----------+-------------------------------------------
     0 | D:1      | lokiplouj the Minotaur Berserker began the quest for the
                  | Orb.
     0 | D:1      | Reached XP level 1. HP: 19/19 MP: 0/0
   173 | D:1      | Reached XP level 2. HP: 25/27 MP: 1/1
   468 | D:1      | Found a faded altar of an unknown god.
   903 | D:2      | Reached XP level 3. HP: 25/33 MP: 2/2
  1566 | D:2      | Reached ** piety under Trog
  1567 | D:2      | Reached XP level 4. HP: 31/41 MP: 3/3
  1933 | D:3      | Found Yrakhlun's Vocational Training.
  2626 | D:3      | Reached XP level 5. HP: 47/47 MP: 4/4
  2634 | D:3      | HP: 1/70 [orc wizard/+2 dagger of protection (4)]
  2635 | D:3      | Mangled by an orc priest

Illustrated notes

Levels and vault maps discovered:
D:1:      ldierk_water_garden, layout_loops_ring, basic_ecumenical_altar,
          amcnicky_mini_rare_corridor_liquid, minivault_25
D:2:      layout_basic
D:3:      layout_basic, nicolae_shop_vocational

Skill      XL: |  1  2  3 |
---------------+----------+-----
Fighting       | 4 |  4.7
Axes           | 4 |  4.6
Armour         | 3 |  3.7
Dodging        | 3 |  3.4

Action                   |  1- 3 |  4- 6 || total
-------------------------+-------+-------++-------
Melee: Hand axe          |    80 |    44 ||   124
       Headbutt          |     4 |     6 ||    10
Invok: Berserk           |     1 |     2 ||     3
 Stab: Sleeping          |       |     1 ||     1
Armor: Animal skin       |    14 |     5 ||    19
Dodge: Dodged            |    65 |    19 ||    84

Table legend: (Time is in decaauts)
 A = Elapsed time spent in this place.
 B = Non-inter-level travel time spent in this place.
 C = Inter-level travel time spent in this place.
 D = Time resting spent in this place.
 E = Time spent auto-exploring this place.
 F = Levels seen in this place.
 G = Mean time per level.
                   A        B        C        D        E       F      G
               +--------+--------+--------+--------+--------+-----+--------+
         Total |   2663 |   2585 |     78 |     80 |   2173 |   3 |  887.7 |
       Dungeon |   2663 |   2585 |     78 |     80 |   2173 |   3 |  887.7 |
               +--------+--------+--------+--------+--------+-----+--------+

Top non-repeatable levels by time:
     D:2: 1091 daAuts
     D:1: 825 daAuts
     D:3: 747 daAuts
